 Dungeon Crawl Stone Soup version 0.30-a0-702-gdf48620a09 (webtiles) character file.

Game seed: 16882327999306792806

25 Fenrisus the Caller (level 3, 0/24 HPs)
             Began as a Barachi Summoner on Jan 21, 2023.
             Slain by an adder (1 damage)
             ... on level 2 of the Dungeon.
             The game lasted 00:07:42 (1317 turns).

Fenrisus the Caller (Barachi Summoner)              Turns: 1317, Time: 00:07:42

Health: 0/24       AC:  2    Str:  9    XL:     3   Next: 4%
Magic:  5/6        EV: 12    Int: 17    God:
Gold:   75         SH:  0    Dex: 12    Spells: 4/7 levels left

rFire   . . .      SeeInvis .    c - +0 dagger
rCold   . . .      Faith    .    (no shield)
rNeg    . . .      Spirit   .    a - +0 robe
rPois   .          Reflect  .    (no helmet)
rElec   .          Harm     .    (no cloak)
rCorr   .          Rampage  .    (no gloves)
Will    .....                    (no boots)
Stlth   ++                       (no amulet)
HPRegen 0.24/turn                (no ring)
MPRegen 0.10/turn                (no ring)

@: lethally poisoned (0 -> -1), slow
A: amphibious, slowness 1, strong legs 1, +LOS
a: Hop


You were on level 2 of the Dungeon.
You visited 1 branch of the dungeon, and saw 2 of its levels.

You collected 75 gold pieces.

Inventory:

Hand Weapons
 c - a +0 dagger (weapon)
Armour
 a - a +0 robe (worn)
Scrolls
 e - 2 scrolls of identify
Potions
 b - a potion of magic
 d - a potion of berserk rage
 f - a potion of lignification {unknown}
 g - a potion of might {unknown}
 h - a potion of ambrosia {unknown}


   Skills:
 + Level 2.6 Dodging
 + Level 2.2 Stealth
 + Level 2.6 Spellcasting
 + Level 5.1 Summonings


You had 4 spell levels left.
You knew the following spells:

 Your Spells              Type           Power      Damage    Failure   Level
a - Summon Small Mammal   Summ           76%        N/A       2%          1
b - Call Imp              Summ           19%        N/A       3%          2

Your spell library contained the following spells:

 Spells                   Type           Power      Damage    Failure   Level
 Call Canine Familiar     Summ           19%        N/A       7%          3
 Summon Guardian Golem    Hex/Summ       10%        N/A       19%         3
 Summon Lightning Spire   Summ/Air       10%        N/A       54%         4


Dungeon Overview and Level Annotations

Branches:
Dungeon (2/15)

Altars:


Innate Abilities, Weirdness & Mutations

You are amphibious.
You cover ground slowly.
You can hop short distances.
You have an extended range of vision and can be seen from far away.


Message History

The adder attacks as you move away! The adder barely misses you.
Your quokka misses the adder. The adder completely misses you.
The adder attacks as you move away! The adder closely misses you.
Your quokka disappears in a puff of smoke!
Your quokka barely misses the adder.
The adder barely misses you. The adder attacks as you move away!
The adder bites you.
Your quokka closely misses the adder.
Your crimson imp blinks!
The adder barely misses you.
Your quokka barely misses the adder.
Your crimson imp completely misses the adder.
Your crimson imp barely misses the adder.
The adder closely misses you.
Your crimson imp blinks!
An endoplasm comes into view.
The adder bites you.
Your quokka closely misses the adder.
The adder bites you.
* * * LOW HITPOINT WARNING * * *
You are poisoned.
The adder poisons you!
Your quokka completely misses the adder.
* * * LOW HITPOINT WARNING * * *
You feel sick.
Your crimson imp barely misses the adder.
The adder attacks as you move away! The adder barely misses you.
* * * LOW HITPOINT WARNING * * *
You feel sick. The adder bites you.
* * * LOW HITPOINT WARNING * * *
* * * LOW HITPOINT WARNING * * *
You feel sick.
Your crimson imp blinks!
The adder bites you but does no damage.
* * * LOW HITPOINT WARNING * * *
You feel sick.
Your quokka bites the adder.
There is a stone staircase leading up here.
* * * LOW HITPOINT WARNING * * *
You feel sick. The adder bites you but does no damage.
The adder attacks as you move away! The adder bites you.
You die...

..# .. .. #####.
############
....... ...#...r..#
#...###.#.####.#
#..............#
#.....#.#.######...
#.#...5.rS@........
# #.#..############
.....(. ###.#.#.#
...#J#.# ### #.#.#
#.#.# #.#.# #. .#


You could see an adder (ally target), a friendly crimson imp (summoned) and a
friendly quokka (summoned).

Vanquished Creatures
  An endoplasm (D:1)
  A rat (D:1)
2 creatures vanquished.

Vanquished Creatures (collateral kills)
  2 dart slugs (D:1)
  3 ball pythons (D:1)
  3 bats (D:1)
  An endoplasm (D:1)
  2 hobgoblins (D:1)
  2 kobolds (D:1)
  2 quokkas (D:1)
  A rat (D:1)
16 creatures vanquished.

Grand Total: 18 creatures vanquished

Notes
Turn   | Place    | Note
-------+----------+-------------------------------------------
     0 | D:1      | Fenrisus the Barachi Summoner began the quest for the Orb.
     0 | D:1      | Reached XP level 1. HP: 13/13 MP: 3/3
   396 | D:1      | Reached XP level 2. HP: 19/19 MP: 1/5
   425 | D:1      | Learned a level 2 spell: Call Imp
   439 | D:1      | Reached skill level 5 in Summonings
   867 | D:1      | Reached XP level 3. HP: 23/24 MP: 2/6
  1315 | D:2      | HP: 1/24 [poisoned by an adder]
  1317 | D:2      | Slain by an adder

Illustrated notes

Levels and vault maps discovered:
D:1:      nzn_arrival_water_spiral, layout_basic, kennysheep_small_spiral
D:2:      layout_basic, hellmonk_ecumenical_altar_watching_god,
          minmay_pentomino_s4

Skill      XL: |  1  2 |
---------------+-------+-----
Stealth        | 2 |  2.2
Summonings     | 5 |  5.1
Dodging        | |  2.6
Spellcasting   | |  2.6

Action                   || total
-------------------------++-------
Melee: Dagger            ||    19
 Cast: Summon Small Mamm ||    28
       Call Imp          ||     6
  Use: Scroll            ||     1
Armor: Robe              ||    12
Dodge: Dodged            ||    34

Table legend: (Time is in decaauts)
 A = Elapsed time spent in this place.
 B = Non-inter-level travel time spent in this place.
 C = Inter-level travel time spent in this place.
 D = Time resting spent in this place.
 E = Time spent auto-exploring this place.
 F = Levels seen in this place.
 G = Mean time per level.
                   A        B        C        D        E       F      G
               +--------+--------+--------+--------+--------+-----+--------+
         Total |   1508 |    554 |    954 |    186 |    108 |   2 |  754.0 |
       Dungeon |   1508 |    554 |    954 |    186 |    108 |   2 |  754.0 |
               +--------+--------+--------+--------+--------+-----+--------+

Top non-repeatable levels by time:
     D:1: 1464 daAuts
     D:2: 43 daAuts
